cohdb
Replays
Latest Replays
All Replays
Popular Replays
Top Player Replays
Match Explorer
How It Works
Community
CoH3 Stats
Reddit
Sign in to upload your games and track your stats! →
Sign in with Steam
Match 45743991
Unlisted
Match 45743991
Overview
Messages
Build Orders
End
Construct Section Command Post
Infantry Section
Infantry Section
Infantry Section
Construct Platoon Command Post
Unlock M3 Stuart Light Tanks
M3 Stuart Light Tank
Selects Canadian Shock Battlegroup
Selects Canadian Shock Battlegroup
Selects Incendiary Munitions
Selects Offensive Resupply
M3 Stuart Light Tank
Light Vehicle Training
Grenade Package
M3 Stuart Light Tank
M3 Stuart Light Tank
M3 Stuart Light Tank
Selects Pyrotechnics
M3 Stuart Light Tank
M3 Stuart Light Tank
M3 Stuart Light Tank
Selects Churchill Crocodile Heavy Tank
Churchill Crocodile Heavy Tank
nub
oziligath
[PD] PragerSchinken
[OldMetal]Mario
PakeTuertO
皮皮
Nick631
GodEr
0
0
Comments
sign in to comment!
No comments posted yet!